 BcadrenCrawl: Boulder Brew version 0.04-10-g8a6d0ff729 (webtiles) character file.

Game seed: 15908091479214993437, levelgen mode: deterministic

1235 Chiseanne the Ducker (level 8, -9/54 HPs) Goblin Demonspawn. Began on Mar 29, 2021. Mangled by a guardian mummy ... wielding a +0 dire flail (40 damage) ... on level 3 of the Dungeon. The game lasted 00:07:58 (2171 turns).

Chiseanne the Ducker (Goblin Demonspawn)            Turns: 2171, Time: 00:07:59

Health: -9/54      AC: 12    Str: 13    XL:     8 ^: 214
Magic:  8/8        EV: 18    Int:  9    God:
Gold:   155        SH:  9    Dex: 11    Spells: 8/9 levels left

rFire    . . .     Vision   .   a - +1 long sword
rCold    . . .     Gourm    .   c - +2 heater shield {AC+3}
rNeg     . . .     Faith    .   f - +0 scale mail
rPois    .         Spirit   .   g - +1 helmet
rElec    .         Reflect  .   (no cloak)
rCorr    .         Harm     .   (no gloves)
MR       .....                  (no boots)
Stlth    ++........             y - amulet "Teucos" {Acrobat Int+3 Slay+3}
HPRegen  0.28/turn              (no ring)
MPRegen  0.18/turn              (no ring)

@: mighty, agile, very slightly contaminated, invisible
A: small, stagnant stats, goblin's greed, talons 2, low mp 1, mutation
resistance 1, spiny 1, god's pity 2
a: no special abilities


You were on level 3 of the Dungeon.
You were hungry.

You visited 1 branch of the dungeon, and saw 4 of its levels.

You collected 128 gold pieces.

Inventory:

Weapons
 a - a +1 long sword (weapon) Shields
 c - a +2 heater shield of protection (shield)
Armour
 f - a +0 scale mail (worn)
 g - a +1 helmet (worn)
Jewellery
 e - an uncursed ring of poison resistance
 o - the amulet of Red Wine {-Tele rF+ rC+ Regen+ Dex+5}
   (You acquired it on level 2 of the Dungeon)

   [amulet of regeneration]

   It affects your dexterity (+5).
   It protects you from fire.
   It protects you from cold.
   It prevents most forms of teleportation.
   It increases your rate of regeneration.
 r - an uncursed ring of magical power
 y - the amulet "Teucos" (around neck) {Acrobat Int+3 Slay+3}
   (You found it on level 3 of the Dungeon)

   [amulet of the acrobat]

   It helps you evade while moving and waiting.
   It affects your intelligence (+3).
   It affects your accuracy and damage with ranged weapons and melee attacks
   (+3).
Wands
 q - a wand of ensnaring (2)
Scrolls
 i - 2 scrolls of magic mapping
 j - a scroll of acquirement
 k - 2 scrolls of immolation
 p - 2 scrolls of amnesia
 t - a scroll of summoning
 u - a scroll of blinking
 x - 2 scrolls of silence
 z - 2 scrolls of fear
Potions
 h - a potion of invisibility
 m - a potion of brilliance
 n - a potion of curing
 s - a potion of agility
 w - a potion of berserk rage
Comestibles
 b - 2 chunks of flesh
 d - 3 rations


   Skills:
 + Level 4.7 Fighting
 - Level 2.6 Long Blades
 * Level 5.6 Armour
 * Level 7.7 Dodging
 - Level 2.6 Stealth
 * Level 6.2 Shields
 - Level 1.3 Spellcasting
 - Level 2.6 Fire Magic
   Level 4.0 Invocations


You had 8 spell levels left.
You knew the following spells:

 Your Spells              Type           Power        Failure   Level  Hunger
a - Flame Tongue          Fire           5 (30)       67%         1    ##.....

Your spell library contained the following spells:

 Spells                   Type           Power        Failure   Level  Hunger
 Conjure Flame            Fire           5 (100)      95%         3    ####...
 Blink                    Tloc           N/A          99%         2    ###....
 Call Imp                 Summ           0 (100)      99%         2    ###....
 Slow                     Hex            0 (100)      99%         2    ###....
 Mephitic Cloud           Pois/Air       0 (100)      100%        3    ####...


Dungeon Overview and Level Annotations

Branches:
Dungeon (4/8)
 Temple: D:4

Altars:
Ashenzari
Makhleb
Wu Jian

Annotations:
D:3 exclusion: door
D:4 exclusion: upstairs


Innate Abilities, Weirdness & Mutations

Your stats never grow through leveling.
Your goblin ancestry allows you to find more gold. (+20%)
You are small and have problems with some larger weapons.
You have razor-sharp toenails.
Your magical capacity is low. (-10% MP)
You are somewhat resistant to further mutation.
You are partially covered in sharp spines.
The pity of the gods increases the power of your passive and invoked divine abilities.


Message History

The guardian mummy hits you with a +0 dire flail (27)!!
Ouch! That really hurt!
You feel much better.
You feel sick. (1)
You are no longer poisoned.
You block the porcupine skeleton's attack.
The guardian mummy barely misses you (0).
The guardian mummy hits you with a +0 dire flail (36)!!!
Ouch! That really hurt!
* * * LOW HITPOINT WARNING * * *
You feel much better. The porcupine skeleton bites you (1).
The adder zombie closely misses you (0).
You riposte.
You barely miss the adder zombie.
The guardian mummy zaps a wand.
You are caught in a web!
The stream of webbing hits you but does no damage (0).
You are even more entangled.
The web tears apart.
The porcupine skeleton misses you (0).
The guardian mummy hits you with a +0 dire flail (40)!!!
Ouch! That really hurt!
You die...

#...##.##.#########
#.>.##.##.##......#
#.?.##.##.##......##
#...##.##..#........
#...#......'........
#...########........ #...#
#............ ## +.Z.+
#.##.###'#...
#)####ZM@####.##.# #.#...
#...#'MZ#..#..#.# #.####
##..M.ZZ...####÷# #.#
##...#####...###.###.####
##...##M>§##...##.#.#.#...
#.§.##.ZZZ.##.^.#..8..'...
+...#..M.Z..#.^.'..#..#...
#...##.?Z§^##...#..8..#...
##.ZZ##Z..##.[.##..#..#...


You could see 2 guardian mummies, a mummy, an adder zombie, a worker ant zombie,
a leopard gecko skeleton, a porcupine skeleton and a bullfrog skeleton.

Vanquished Creatures
  A wraith (D:3)
  4 scorpions
  An ogre (D:3)
  A bullfrog (D:2)
  2 hounds (D:3)
  2 jellies (D:2)
  A crimson imp (D:3)
  2 orc priests (D:3)
  A mummy (D:3)
  An orc wizard (D:3)
  A worker ant (D:3)
  A wyvern skeleton (D:3)
  3 giant cockroaches
  An iron imp (D:3)
  4 bullfrog skeletons (D:3)
  2 porcupine skeletons (D:3)
  An adder (D:4)
  2 white imps (D:3)
  A cinder newt (D:2)
  A worker ant zombie (D:3)
  2 oozes (D:2)
  A hound skeleton (D:3)
  2 dart slugs (D:1)
  A leopard gecko (D:2)
  10 orcs
  2 adder skeletons (D:3)
  A ball python (D:2)
  4 bats (D:1)
  5 goblins (D:1)
  4 hobgoblins (D:1)
  A quokka (D:3)
  A jackal skeleton (D:3)
  3 kobolds (D:1)
  A quokka skeleton (D:3)
  2 quokka zombies (D:3)
  A rat (D:1)
  4 withered plants (D:2)
78 creatures vanquished.

Vanquished Creatures (others)
  A slimehead (D:2)
  41 withered plants (D:2)
42 creatures vanquished.

Grand Total: 120 creatures vanquished

Notes
Turn   | Place    | Note
-------+----------+-------------------------------------------
     0 | D:1      | Chiseanne the Goblin Demonspawn began the quest for the
                  | Orb.
     0 | D:1      | Reached XP level 1. HP: 13/13 MP: 2/2
   169 | D:1      | Reached skill level 1 in Shields
   169 | D:1      | Gained mutation: You have sharp toenails. [demonic
                  | ancestry]
   169 | D:1      | Reached XP level 2. HP: 19/19 MP: 3/3
   181 | D:1      | Gained mutation: You are partially covered in sharp spines.
                  | [demonic ancestry]
   181 | D:1      | Reached XP level 3. HP: 24/24 MP: 4/4
   411 | D:1      | Gained mutation: You have razor-sharp toenails. [demonic
                  | ancestry]
   411 | D:1      | Reached XP level 4. HP: 29/29 MP: 5/5
   863 | D:2      | Reached skill level 5 in Dodging
   898 | D:2      | Identified a scroll of acquirement
   914 | D:2      | Identified the amulet of Red Wine {-Tele rF+ rC+ Regen+
                  | Dex+5} (You acquired it on level 2 of the Dungeon)
   925 | D:2      | Noticed a bullfrog
   933 | D:2      | Killed a bullfrog
   933 | D:2      | Reached skill level 1 in Armour
   933 | D:2      | Reached XP level 5. HP: 35/35 MP: 6/6
   956 | D:2      | Found an ornate altar of the Wu Jian Council.
   963 | D:2      | Reached XP level 6. HP: 41/41 MP: 7/7
   982 | D:2      | Found a shattered altar of Ashenzari.
  1258 | D:3      | Reached skill level 6 in Dodging
  1280 | D:3      | Reached XP level 7. HP: 43/46 MP: 8/8
  1575 | D:3      | Found a burning altar of Makhleb.
  1877 | D:3      | Reached skill level 5 in Shields
  1997 | D:3      | Noticed a wraith
  2004 | D:3      | Reached XP level 8. HP: 54/54 MP: 8/8
  2019 | D:3      | Killed a wraith
  2019 | D:3      | Reached skill level 7 in Dodging
  2124 | D:4      | Reached skill level 5 in Armour
  2127 | D:3      | Identified the amulet "Teucos" {Acrobat Int+3 Slay+3}
  2171 | D:3      | Mangled by a guardian mummy

Levels and vault maps discovered:
D:1:      dpeg_arrival_tiny_a, layout_loops_ring, first_ration
D:2:      layout_sewer, ashenzari_altar_1, lemuel_round_altar,
          nicolae_overflow_hidden_temple
D:3:      ossuary_due_mausoleum, layout_basic, makhleb_grotto_becter
D:4:      layout_long_grid, minmay_temple_entry_sparse_star, enter_ossuary_5,
          david_nohive_1, skrybe_limestone_x

Skill      XL: |  1  2  3  4  5  6  7  8 |
---------------+-------------------------+-----
Fighting       | 2 3 4 |  4.7
Shields        | 1 2 3 4 5 6 |  6.2
Dodging        | 5 6 7 |  7.7
Armour         | 1 2 3 4 5 |  5.6
Long Blades    | |  2.6
Stealth        | |  2.6
Spellcasting   | |  1.3
Fire Magic     | |  2.6
Invocations    | |  4.0

Action                   |  1- 3 |  4- 6 |  7- 9 || total
-------------------------+-------+-------+-------++-------
Melee: Long sword        |    36 |    74 |    91 ||   201
       Unarmed           |     8 |       |       ||     8
       Kick              |       |     8 |    12 ||    20
  Use: Scroll            |       |     2 |     2 ||     4
       Potion            |       |       |     6 ||     6
 Stab: Sleeping          |       |     1 |       ||     1
  Eat: Chunk             |       |     1 |     3 ||     4
Armor: Leather armour    |    11 |     1 |       ||    12
       Scale mail        |       |    26 |    68 ||    94
Dodge: Dodged            |    24 |    23 |    76 ||   123
Block: Heater shield     |     8 |    26 |    64 ||    98
       Rpst.: Long sword |     8 |     8 |    20 ||    36
